 Dungeon Crawl Stone Soup version 0.28.0-53-g5a82cb258f (webtiles) character file.

Game seed: 6043044327124386924

56 firemarshallily the Firebug (level 3, 0/28 HPs)
             Began as a Naga Fire Elementalist on Aug 27, 2022.
             Was an Initiate of Ashenzari.
             Slain by Robin
             ... wielding a +1 falchion of distortion
              (17 damage)
             ... on level 2 of the Dungeon.
             The game lasted 00:04:29 (1373 turns).

firemarshallily the Firebug (NaFE)                  Turns: 1373, Time: 00:04:30

Health: 0/28       AC:  6    Str: 10    XL:     3   Next: 95%
Magic:  3/7        EV:  9    Int: 17    God:    Ashenzari [......]
Gold:   30         SH:  0    Dex: 11    Spells: 7/8 levels left

rFire   . . .      SeeInvis +   c - +0 spear
rCold   . . .      Faith    .   (no shield)
rNeg    . . .      Spirit   .   a - +0 robe
rPois   +          Reflect  .   (no helmet)
rElec   .          Harm     .   (no cloak)
rCorr   .          Rampage  .   (no gloves)
Will    .....                   (no barding)
Stlth   ++........              (no amulet)
HPRegen 0.09/turn               f - +4 ring of protection
MPRegen 0.10/turn               (no ring)

@: very slow
A: AC +1, large, see invisible, deformed body, poison resistance, slowness 2,
spit poison 1, naga tail 1
a: Spit Poison, Renounce Religion, Curse Item


You were on level 2 of the Dungeon.
You worshipped Ashenzari.
Ashenzari was noncommittal.
You visited 1 branch of the dungeon, and saw 2 of its levels.

You collected 30 gold pieces.

Inventory:

Hand Weapons
 c - a +0 spear (weapon)
Missiles
 g - 42 stones
Armour
 a - a +0 robe (worn)
Jewellery
 f - a +4 ring of protection (left hand)
Scrolls
 h - a scroll of blinking {unknown}
Potions
 b - 3 potions of curing {unknown}
 d - a potion of flight {unknown}
 e - a potion of degeneration {unknown}


   Skills:
 - Level 1.5 Dodging
 - Level 3.0 Stealth
 * Level 3.0 Spellcasting
 + Level 1.9 Conjurations
 + Level 3.4 Fire Magic


You had 7 spell levels left.
You knew the following spells:

 Your Spells              Type           Power      Damage    Failure   Level
a - Foxfire               Conj/Fire      44%        2x1d6     6%          1

Your spell library contained the following spells:

 Spells                   Type           Power      Damage    Failure   Level
 Scorch                   Fire           28%        2d6       6%          2
 Conjure Flame            Conj/Fire      11%        6-21      17%         3
 Inner Flame              Hex/Fire       8%         N/A       26%         3
 Flame Wave               Conj/Fire      11%        2d5       50%         4


Dungeon Overview and Level Annotations

Branches:
Dungeon (2/15)

Altars:
Ashenzari

Annotations:
D:2 Robin


Innate Abilities, Weirdness & Mutations

Your serpentine skin is tough. (AC +1)
You have supernaturally acute eyesight. (SInv)
Armour fits poorly on your strangely shaped body.
Your system is resistant to poisons. (rPois)
You cover ground very slowly.
You can spit poison.
You have a snake-like lower body.


Message History

Robin throws the goblin at you! The goblin hits you but does no damage.
The foxfire hits the hobgoblin.
You kill the hobgoblin!
You hit the goblin but do no damage. The goblin hits you with a +0 club.
The goblin completely misses you.
Casting: Foxfire (safe; 6% risk of failure)
Confirm with . or Enter, or press ? or * to list all spells.
You conjure some foxfire!
The goblin barely misses you.
Aiming: Spit Poison (2% risk of failure)
Press: ? - help, Q - select action, (/) - cycle Shift-Dir - straight line, f - goblin
Aim: a goblin, wielding a +0 club (strong, ally target, 50% to hit)
The splash of poison hits the goblin.
You kill the goblin!
The foxfire hits Robin but does no damage.
The foxfire hits Robin.
Robin is moderately wounded.
Casting: Foxfire (safe; 6% risk of failure)
Confirm with . or Enter, or press ? or * to list all spells.
You conjure some foxfire!
The foxfire hits Robin but does no damage.
Robin is moderately wounded.
You barely miss Robin.
Robin is moderately wounded.
The foxfire hits Robin but does no damage.
Robin is moderately wounded.
Casting: Foxfire (safe; 6% risk of failure)
Confirm with . or Enter, or press ? or * to list all spells.
You conjure some foxfire!
The goblin shouts!
Robin hits you with a +1 falchion of distortion.
You hit Robin.
Robin is heavily wounded.
You have got your breath back.
The foxfire hits Robin but does no damage.
Robin is heavily wounded.
The foxfire hits Robin.
Robin is severely wounded.
Robin hits you but does no damage. Space warps horribly around you!
Ouch! That really hurt!
You die...

.###...#..#...
...###...##...
#...###.#.g##
#...#.#.g..
#...#.g.#
##.##.gg#
#..#...<#
##§##..§.#
#.@#.....#
#g##.#...#
#..#. #...#
..g## #...#
###. #.### #g
#. ..


g You could see Robin and 3 hobgoblins.

Vanquished Creatures
  An adder skeleton (D:2)
  A worm (D:2)
  2 dart slugs (D:1)
  3 bats (D:1)
  3 endoplasms (D:1)
  2 giant cockroaches (D:1)
  5 goblins
  3 hobgoblins
  2 jackals (D:1)
  3 kobolds (D:1)
  4 quokkas (D:1)
  4 ball pythons (D:1)
  4 frilled lizards (D:1)
  3 rats (D:1)
40 creatures vanquished.

Vanquished Creatures (others)
  51 foxfires
51 creatures vanquished.

Grand Total: 91 creatures vanquished

Notes
Turn   | Place    | Note
-------+----------+-------------------------------------------
     0 | D:1      | firemarshallily the Naga Fire Elementalist began the quest
                  | for the Orb.
     0 | D:1      | Reached XP level 1. HP: 15/15 MP: 3/3
   424 | D:1      | Reached XP level 2. HP: 21/22 MP: 5/5
   633 | D:1      | Found a faded altar of an unknown god.
   640 | D:1      | Reached XP level 3. HP: 28/28 MP: 1/7
   709 | D:1      | Prayed at the altar of an unknown god.
   709 | D:1      | Became a worshipper of Ashenzari the Shackled
  1201 | D:2      | Noticed Robin
  1373 | D:2      | Slain by Robin

Illustrated notes

Levels and vault maps discovered:
D:1:      psy_arrival_fountain, layout_loops_ring,
          shapermc_ecumenical_altar_starsandcircs, kennysheep_nondescript
D:2:      minmay_skewed_foursquare, layout_basic, uniq_robin, uniq_natasha

Skill      XL: |  1  2  3 |
---------------+----------+-----
Spellcasting   | 3 |  3.0
Dodging        | |  1.5
Stealth        | |  3.0
Conjurations   | |  1.9
Fire Magic     | |  3.4

Action                   || total
-------------------------++-------
Melee: Club              ||    12
       Spear             ||    27
       Punch             ||     1
 Cast: Foxfire           ||    30
 Abil: Spit Poison       ||    26
 Stab: Sleeping          ||     1
Armor: Robe              ||    15
Dodge: Dodged            ||    14
